PL
PORTLAND EVERGREENS @ NEW ORLEANS VOODOO
07/26/2042
 
TOP OF THE 1ST
Portland Evergreens batting - Pitching for New Orleans Voodoo : LHP Pablo Molina
Pitching: LHP Pablo Molina
Batting: RHB Richard Jost 0-0: Ball
1-0: Ball
2-0: Foul Ball, location: 2F
2-1: Foul Ball, location: 2F
2-2: Fly out, F7 (Flyball, 7S, EV 78.1 MPH)
Batting: LHB Fernando Soto 0-0: Called Strike
0-1: Ball
1-1: Ground out 4-3 (Groundball, 4, EV 92.5 MPH)
Batting: RHB Kameron Guangorena 0-0: Called Strike
0-1: Fly out, F9 (Flyball, 9, EV 91.9 MPH)
Top of the 1st over - 0 runs, 0 hits, 0 errors, 0 left on base; Portland 0 - New Orleans 0
BOTTOM OF THE 1ST
New Orleans Voodoo batting - Pitching for Portland Evergreens : RHP Robert Smalls
Pitching: RHP Robert Smalls
Batting: RHB Júlio Sahagún 0-0: Ball
1-0: Ground out 4-3 (Groundball, 34D, EV 107.5 MPH)
Batting: LHB Derek Corbin 0-0: Ball
1-0: Ball
2-0: Called Strike
2-1: Called Strike
2-2: Foul Ball, location: 2F
2-2: Foul Ball, location: 2F
2-2: Strikes out swinging
Batting: SHB Charles Geudre 0-0: Fly out, F7 (Flyball, 7, EV 85.0 MPH)
Bottom of the 1st over - 0 runs, 0 hits, 0 errors, 0 left on base; Portland 0 - New Orleans 0
TOP OF THE 2ND
Portland Evergreens batting - Pitching for New Orleans Voodoo : LHP Pablo Molina
Batting: RHB An-te-hai Qing 0-0: Called Strike
0-1: Ball
1-1: Foul Ball, location: 2F
1-2: Ball
2-2: Strikes out looking
Batting: SHB Tetsu Matsumoto 0-0: Called Strike
0-1: Ball
1-1: Foul Ball, location: 2F
1-2: Strikes out swinging
Batting: RHB Derek Bangert 0-0: Ball
1-0: Called Strike
1-1: Foul Ball, location: 2F
1-2: Foul Ball, location: 2F
1-2: Ball
2-2: Ball
3-2: Foul Ball, location: 2F
3-2: Foul Ball, location: 2F
3-2: Ground out 3-1 (Groundball, 34, EV 99.4 MPH)
Top of the 2nd over - 0 runs, 0 hits, 0 errors, 0 left on base; Portland 0 - New Orleans 0
BOTTOM OF THE 2ND
New Orleans Voodoo batting - Pitching for Portland Evergreens : RHP Robert Smalls
Batting: LHB Jorge Castillo 0-0: Called Strike
0-1: Ball
1-1: Foul Ball, location: 2F
1-2: Ball
2-2: Foul Ball, location: 2F
2-2: Foul Ball, location: 2F
2-2: Strikes out looking
Batting: LHB Dave Summers 0-0: Ball
1-0: Fly out, F9 (Line Drive, 9, EV 93.8 MPH)
Batting: RHB Jeff Bowers 0-0: Called Strike
0-1: Swinging Strike
0-2: Foul Ball, location: 2F
0-2: Ball
1-2: Strikes out swinging
Bottom of the 2nd over - 0 runs, 0 hits, 0 errors, 0 left on base; Portland 0 - New Orleans 0
TOP OF THE 3RD
Portland Evergreens batting - Pitching for New Orleans Voodoo : LHP Pablo Molina
Batting: RHB David Milliken 0-0: Called Strike
0-1: Ball
1-1: Ground out 5-3 (Groundball, 56, EV 88.1 MPH)
Batting: SHB Yosuke Daisen 0-0: Called Strike
0-1: Ball
1-1: Fly out, F9 (Flyball, 9LDF, EV 93.1 MPH)
Batting: RHB Orlando Samundio 0-0: Ball
1-0: Ball
2-0: Ground out 6-3 (Groundball, 6, EV 84.4 MPH)
Top of the 3rd over - 0 runs, 0 hits, 0 errors, 0 left on base; Portland 0 - New Orleans 0
BOTTOM OF THE 3RD
New Orleans Voodoo batting - Pitching for Portland Evergreens : RHP Robert Smalls
Batting: LHB José Soriano 0-0: Ball
1-0: Called Strike
1-1: Ball
2-1: Ball
3-1: DOUBLE (Line Drive, 8LXD, EV 110.0 MPH)
Batting: LHB Tomislav Jovovich 0-0: Ball
1-0: Ground out 4-3 (Groundball, 4M, EV 85.0 MPH)
José Soriano to third
Batting: RHB Arturo Cicerón 0-0: Called Strike
0-1: Ball
1-1: Ball
2-1: Foul Ball, location: 2F
2-2: Foul Ball, location: 2F
2-2: Ball
3-2: SINGLE (Groundball, 34, EV 81.2 MPH) (infield hit)
José Soriano scores
Batting: RHB Júlio Sahagún 0-0: Foul Ball, location: 2F
0-1: Ball
1-1: Grounds into double play, 5-4-3 (Groundball, 5, EV 90.6 MPH)
Bottom of the 3rd over - 1 run, 2 hits, 0 errors, 0 left on base; Portland 0 - New Orleans 1
TOP OF THE 4TH
Portland Evergreens batting - Pitching for New Orleans Voodoo : LHP Pablo Molina
Batting: RHB Richard Jost 0-0: Ball
1-0: Ball
2-0: Swinging Strike
2-1: Ball
3-1: Base on Balls
Batting: LHB Fernando Soto 0-0: SINGLE (Groundball, 4MD, EV 98.8 MPH)
Richard Jost to second
Runner from 2nd tries for 3rd, SAFE, throw by CF made to third
Batting: RHB Kameron Guangorena 0-0: Ball
1-0: Called Strike
1-1: Swinging Strike
1-2: Ball
2-2: Ball
3-2: Base on Balls
Fernando Soto to second
Batting: RHB An-te-hai Qing 0-0: Ball
1-0: Fly out, F9 (Flyball, 9LMF, EV 80.6 MPH)
Runner from 3rd tags up, SCORES, throw by RF
Fernando Soto to third
Batting: SHB Tetsu Matsumoto 0-0: Ball
1-0: Swinging Strike
1-1: Ball
2-1: Fly out, F4 (Flyball, 34D, EV 90.6 MPH)
Batting: RHB Derek Bangert 0-0: Called Strike
0-1: Called Strike
0-2: Strikes out looking
Top of the 4th over - 1 run, 1 hit, 0 errors, 2 left on base; Portland 1 - New Orleans 1
BOTTOM OF THE 4TH
New Orleans Voodoo batting - Pitching for Portland Evergreens : RHP Robert Smalls
Batting: LHB Derek Corbin 0-0: Ball
1-0: Called Strike
1-1: Foul Ball, location: 2F
1-2: Ball
2-2: DOUBLE (Flyball, 78XD, EV 95.6 MPH)
Batting: SHB Charles Geudre 0-0: Called Strike
0-1: Ball
1-1: Called Strike
1-2: Fly out, F6 (Popup, 6MS, EV 83.1 MPH)
Batting: LHB Jorge Castillo 0-0: Ball
1-0: Called Strike
1-1: Ball
2-1: Ball
3-1: Base on Balls
Batting: LHB Dave Summers 0-0: Called Strike
Derek Corbin steals 3rd base
Jorge Castillo to second
0-1: Called Strike
0-2: Ball
1-2: Strikes out swinging
Batting: RHB Jeff Bowers 0-0: Ball
1-0: Ball
2-0: Called Strike
2-1: Called Strike
2-2: Fly out, F7 (Line Drive, 7D, EV 105.6 MPH)
Bottom of the 4th over - 0 runs, 1 hit, 0 errors, 2 left on base; Portland 1 - New Orleans 1
TOP OF THE 5TH
Portland Evergreens batting - Pitching for New Orleans Voodoo : LHP Pablo Molina
Batting: RHB David Milliken 0-0: Called Strike
0-1: Ball
1-1: Swinging Strike
1-2: Strikes out looking
Batting: SHB Yosuke Daisen 0-0: Ball
1-0: DOUBLE (Line Drive, 9LS, EV 108.1 MPH)
Batting: RHB Orlando Samundio 0-0: Foul Ball, location: 2F
0-1: Ball
1-1: Swinging Strike
1-2: Ball
2-2: Foul Ball, location: 2F
2-2: Strikes out swinging
Batting: RHB Richard Jost 0-0: Ball
1-0: SINGLE (Line Drive, 56, EV 98.1 MPH)
Yosuke Daisen to third
Runner from 3rd tries for Home, SAFE, no throw by LF
Batting: LHB Fernando Soto 0-0: Called Strike
0-1: Ball
1-1: Foul Ball, location: 2F
1-2: Foul Ball, location: 2F
1-2: Ball
2-2: Ball
3-2: Strikes out swinging
Top of the 5th over - 1 run, 2 hits, 0 errors, 1 left on base; Portland 2 - New Orleans 1
BOTTOM OF THE 5TH
New Orleans Voodoo batting - Pitching for Portland Evergreens : RHP Robert Smalls
Batting: LHB José Soriano 0-0: Called Strike
0-1: Ball
1-1: Ground out 1-3 (Groundball, 13, EV 76.9 MPH)
Batting: LHB Tomislav Jovovich 0-0: Ground out 6-3 (Groundball, 6M, EV 85.0 MPH)
Batting: RHB Arturo Cicerón 0-0: Foul Ball, location: 2F
0-1: Foul Ball, location: 2F
0-2: Ground out U3 (Groundball, 3, EV 89.4 MPH)
Bottom of the 5th over - 0 runs, 0 hits, 0 errors, 0 left on base; Portland 2 - New Orleans 1
TOP OF THE 6TH
Portland Evergreens batting - Pitching for New Orleans Voodoo : LHP Pablo Molina
Batting: RHB Kameron Guangorena 0-0: Ball
1-0: Foul Ball, location: 2F
1-1: Ball
2-1: Fly out, F8 (Line Drive, 8RD, EV 90.6 MPH)
Batting: RHB An-te-hai Qing 0-0: Ball
1-0: Ball
2-0: Ball
3-0: Base on Balls
Batting: SHB Tetsu Matsumoto 0-0: Ball
1-0: Swinging Strike
1-1: 2-RUN HOME RUN (Line Drive, 8RXD, EV 96.2 MPH), Distance : 452 ft
Batting: RHB Derek Bangert 0-0: Called Strike
0-1: Swinging Strike
0-2: Ball
1-2: Strikes out swinging
Batting: RHB David Milliken 0-0: Ball
1-0: Called Strike
1-1: Swinging Strike
1-2: Strikes out swinging
Top of the 6th over - 2 runs, 1 hit, 0 errors, 0 left on base; Portland 4 - New Orleans 1
BOTTOM OF THE 6TH
New Orleans Voodoo batting - Pitching for Portland Evergreens : RHP Robert Smalls
Batting: RHB Júlio Sahagún 0-0: Foul Ball, location: 2F
0-1: SINGLE (Line Drive, 6M, EV 108.1 MPH)
Batting: LHB Derek Corbin 0-0: Ball
1-0: Called Strike
1-1: Foul Ball, location: 2F
1-2: Strikes out looking
Batting: SHB Charles Geudre 0-0: Ball
1-0: Ball
2-0: Ball
3-0: Base on Balls
Júlio Sahagún to second
Batting: LHB Jorge Castillo 0-0: Foul Ball, location: 2F
0-1: Fly out, F6 (Popup, 6M, EV 56.9 MPH)
Batting: LHB Dave Summers 0-0: Ball
1-0: Ball
2-0: Ball
3-0: Fly out, F7 (Flyball, 7S, EV 83.8 MPH)
Bottom of the 6th over - 0 runs, 1 hit, 0 errors, 2 left on base; Portland 4 - New Orleans 1
TOP OF THE 7TH
Portland Evergreens batting - Pitching for New Orleans Voodoo : LHP Pablo Molina
Batting: SHB Yosuke Daisen 0-0: Ball
1-0: Ground out 5-3 (Groundball, 56, EV 85.0 MPH)
Pitching: RHP Jude Cordingley
Batting: RHB Orlando Samundio 0-0: Ground out 5-3 (Groundball, 5, EV 100.0 MPH)
Batting: RHB Richard Jost 0-0: Ball
1-0: Ball
2-0: Ball
3-0: Fly out, F7 (Line Drive, 7, EV 96.2 MPH)
Top of the 7th over - 0 runs, 0 hits, 0 errors, 0 left on base; Portland 4 - New Orleans 1
BOTTOM OF THE 7TH
New Orleans Voodoo batting - Pitching for Portland Evergreens : RHP Robert Smalls
Batting: RHB Jeff Bowers 0-0: Ball
1-0: Ball
2-0: Ball
3-0: Called Strike
3-1: Base on Balls
Pitching: LHP Seong-hyeon Yi
Batting: LHB José Soriano 0-0: Called Strike
0-1: Called Strike
0-2: Strikes out swinging
Batting: LHB Tomislav Jovovich 0-0: Grounds into double play, 6-4-3 (Groundball, 6, EV 81.2 MPH)
Bottom of the 7th over - 0 runs, 0 hits, 0 errors, 0 left on base; Portland 4 - New Orleans 1
TOP OF THE 8TH
Portland Evergreens batting - Pitching for New Orleans Voodoo : RHP Jude Cordingley
Batting: LHB Fernando Soto 0-0: Foul Ball, location: 2F
0-1: Ball
1-1: Called Strike
1-2: Ball
2-2: Strikes out looking
Batting: RHB Kameron Guangorena 0-0: Ground out 6-3 (Groundball, 6, EV 106.2 MPH)
Batting: RHB An-te-hai Qing 0-0: Called Strike
0-1: Foul Ball, location: 2F
0-2: Ball
1-2: Strikes out swinging
Top of the 8th over - 0 runs, 0 hits, 0 errors, 0 left on base; Portland 4 - New Orleans 1
BOTTOM OF THE 8TH
New Orleans Voodoo batting - Pitching for Portland Evergreens : LHP Seong-hyeon Yi
Batting: RHB Arturo Cicerón 0-0: Ball
1-0: Ball
2-0: Ball
3-0: Base on Balls
Batting: RHB Júlio Sahagún 0-0: Ball
1-0: Ball
2-0: Fly out, F8 (Line Drive, 8RD, EV 99.4 MPH)
Batting: LHB Derek Corbin 0-0: Ball
1-0: Called Strike
1-1: Ball
2-1: Swinging Strike
2-2: Foul Ball, location: 2F
2-2: Strikes out swinging
Batting: SHB Charles Geudre 0-0: Swinging Strike
0-1: Ball
1-1: Ball
2-1: Foul Ball, location: 2F
2-2: Ball
3-2: Strikes out looking
Bottom of the 8th over - 0 runs, 0 hits, 0 errors, 1 left on base; Portland 4 - New Orleans 1
TOP OF THE 9TH
Portland Evergreens batting - Pitching for New Orleans Voodoo : RHP Jude Cordingley
Batting: SHB Tetsu Matsumoto 0-0: Called Strike
0-1: Foul Ball, location: 2F
0-2: Ball
1-2: Ground out 5-3 (Groundball, 56, EV 83.8 MPH)
Batting: RHB Derek Bangert 0-0: Ball
1-0: Swinging Strike
1-1: Ball
2-1: Foul Ball, location: 2F
2-2: Ground out 5-3 (Groundball, 56, EV 83.1 MPH)
Batting: RHB David Milliken 0-0: Ball
1-0: Ball
2-0: Ground out 1-3 (Groundball, 25, EV 87.5 MPH)
Top of the 9th over - 0 runs, 0 hits, 0 errors, 0 left on base; Portland 4 - New Orleans 1
BOTTOM OF THE 9TH
New Orleans Voodoo batting - Pitching for Portland Evergreens : LHP Seong-hyeon Yi
Pitching: RHP Joo-hyun Pak
Batting: LHB Jorge Castillo 0-0: Called Strike
0-1: Foul Ball, location: 2F
0-2: Ball
1-2: Ball
2-2: Strikes out swinging
Batting: LHB Dave Summers 0-0: Fly out, F7 (Flyball, 78M, EV 96.9 MPH)
Batting: RHB Jeff Bowers 0-0: Ball
1-0: Foul Ball, location: 2F
1-1: SINGLE (Groundball, 34D, EV 106.9 MPH)
Batting: LHB José Soriano 0-0: Swinging Strike
0-1: Ball
1-1: Called Strike
1-2: Strikes out looking
Bottom of the 9th over - 0 runs, 1 hit, 0 errors, 1 left on base; Portland 4 - New Orleans 1
Friday, March 26th, 2021 - OOTP Baseball 20.8 Build 74